 Dungeon Crawl Stone Soup version 0.27.1 (webtiles) character file.

Game seed: 14027055695272714683

63 Malachi the Chopper (level 4, -1/39 HPs)
             Began as a Hill Orc Fighter on Sept 1, 2021.
             Killed from afar by an orc wizard (8 damage)
             ... with a magic dart
             ... on level 3 of the Dungeon.
             The game lasted 00:01:49 (1789 turns).

Malachi the Chopper (Hill Orc Fighter)              Turns: 1789, Time: 00:01:50

Health: -1/39      AC: 11    Str: 19    XL:     4   Next: 9%
Magic:  4/4        EV:  3    Int:  8    God:
Gold:   110        SH:  9    Dex: 10    Spells: 3/3 levels left

rFire    . . .     SeeInvis .   a - +0 war axe
rCold    . . .     Faith    .   c - +0 kite shield
rNeg     . . .     Spirit   .   f - +0 plate armour
rPois    .         Reflect  .   (no helmet)
rElec    .         Harm     .   (no cloak)
rCorr    .         Rampage  .   (no gloves)
Will     .....                  (no boots)
Stlth    ..........             (no amulet)
HPRegen  0.13/turn              (no ring)
MPRegen  0.09/turn              (no ring)

@: no status effects
A: no striking features
a: no special abilities


You were on level 3 of the Dungeon.
You visited 1 branch of the dungeon, and saw 3 of its levels.

You collected 110 gold pieces.

Inventory:

Hand Weapons
 a - a +0 war axe (weapon)
Missiles
 h - a throwing net (quivered)
Armour
 c - a +0 kite shield (worn)
 f - a +0 plate armour (worn)
Jewellery
 k - a ring of protection from cold
Scrolls
 b - 3 scrolls of acquirement {unknown}
 e - 2 scrolls of magic mapping {unknown}
 g - a scroll of identify {unknown}
 l - a scroll of vulnerability {unknown}
 m - 2 scrolls of brand weapon {unknown}
Potions
 d - 3 potions of might
 j - a potion of heal wounds


   Skills:
 - Level 3.6 Fighting
 * Level 4.4 Axes
 - Level 3.2 Armour
 * Level 4.4 Shields


You had 3 spell levels left.
You didn't know any spells.
Your spell library was empty.

Dungeon Overview and Level Annotations

Branches:
Dungeon (3/15)

Altars:

Shops:
D:3 *

Annotations:
D:2 Sigmund


Message History

You block the orc's attack. Something hits you. You block the orc's attack.
You closely miss the orc.
The orc is moderately wounded.
You barely miss something. Something hits you but does no damage.
You block the orc's attack. Something hits you.
You slash the orc!
You kill the orc!
You barely miss something. You block something's attack.
You miss something.
Something hits you but does no damage. x2
You miss something. Something hits you but does no damage.
Something completely misses you.
You miss something.
You hear some strange, mumbled words.
You are confused.
You completely miss something.
Something hits you but does no damage. x2
You bump into the rock wall.
You hear some strange, mumbled words.
A magic dart appears from out of thin air!
The magic dart hits you.
You closely miss something.
You hear some strange, mumbled words.
A puff of flame appears from out of thin air!
The puff of flame hits you.
* * * LOW HITPOINT WARNING * * *
Something hits you.
* * * LOW HITPOINT WARNING * * *
Things that are here:
a +0 flail; a +0 leather armour Something hits you but does no damage.
You feel less confused. Something hits you but does no damage.
An orc wizard appears from thin air!
Reactivating autopickup.
The orc wizard barely misses you.
You miss the orc wizard.
The orc wizard is lightly wounded.
The orc wizard hits you but does no damage.
The orc wizard points at you and mumbles some strange words.
The magic dart hits you!
You die...

#.###.########.....
#..##.# ###..##..
##..#.# #...####.
##.#.# ##.#.# #.
###.#.# #...#≈#.
#.....# #..##≈#.
#.....######....≈.#
#..o.......)...(≈.#
#)@...##........≈.#
#.).).##.......#≈##
####)###.......#≈##
#..###......## #.
.o....>.......###.
..o............##..#
...o.............#..##
oooo............##.##
..o.............##.#


You could see an orc wizard.

Vanquished Creatures
  2 adders
  A shadow imp (D:3)
  A dart slug (D:2)
  7 orcs (D:3)
  An endoplasm (D:3)
  3 goblins
  4 kobolds
  2 quokkas
  4 bats
  2 rats
27 creatures vanquished.

Notes
Turn   | Place    | Note
-------+----------+-------------------------------------------
     0 | D:1      | Malachi the Hill Orc Fighter began the quest for the Orb.
     0 | D:1      | Reached XP level 1. HP: 19/19 MP: 1/1
   279 | D:1      | Found a faded altar of an unknown god.
   826 | D:2      | Reached XP level 2. HP: 18/26 MP: 2/2
  1018 | D:2      | Noticed Sigmund
  1036 | D:3      | Reached XP level 3. HP: 25/31 MP: 3/3
  1162 | D:3      | Found Gixaot's Assorted Antiques.
  1769 | D:3      | Reached XP level 4. HP: 10/39 MP: 4/4
  1789 | D:3      | Killed from afar by an orc wizard

Illustrated notes

Levels and vault maps discovered:
D:1:      minmay_arrival_split_and_join, layout_loops_ring,
          dilly_ecumenical_altar_fadedgnrine
D:2:      layout_rooms, moated_statue, uniq_terence, uniq_sigmund
D:3:      layout_rooms, serial_rivers, chequers_serial_rivers_micro_a,
          chequers_serial_rivers_micro_c, chequers_serial_rivers_small_b,
          chequers_serial_rivers_small_a, serial_shops,
          nicolae_shop_window_shopping

Skill      XL: |  1  2  3 |
---------------+----------+-----
Axes           | 3 4 |  4.4
Shields        | 4 |  4.4
Fighting       | |  3.6
Armour         | |  3.2

Action                   |  1- 3 |  4- 6 || total
-------------------------+-------+-------++-------
Melee: War axe           |    93 |    13 ||   106
  Use: Potion            |       |     2 ||     2
Armor: Plate armour      |    72 |    24 ||    96
       Scale mail        |    10 |       ||    10
Dodge: Dodged            |    14 |     3 ||    17
Block: Kite shield       |    48 |     7 ||    55
